 Dungeon Sprint DCSS version 0.27-a0-249-g74f53ef629 (webtiles) character file.

Game seed: 9332170160948978238

276 mhtbhm the Blocker (level 6, -11/93 HPs)
             Began as a Minotaur Fighter on Feb 4, 2021.
             Was an Elder of Trog.
             Mangled by a snapping turtle (18 damage)
             ... in the Dungeon (Sprint VII: "The Pits").
             The game lasted 00:01:06 (499 turns).

mhtbhm the Blocker (Minotaur Fighter)                Turns: 499, Time: 00:01:07

Health: -11/93     AC: 14    Str: 23    XL:     6   Next: 4%
Magic:  5/5        EV:  7    Int:  5    God:    Trog [****..]
Gold:   0          SH: 11    Dex:  9    Spells: 5/5 levels left

rFire    . . .     SeeInvis .   a - +2 hand axe
rCold    . . .     Faith    .   c - +0 kite shield
rNeg     . . .     Spirit   .   b - +3 chain mail
rPois    .         Reflect  .   (helmet restricted)
rElec    .         Harm     .   (no cloak)
rCorr    .         Rampage  .   (no gloves)
Will     .....     NoTele   +   (no boots)
Stlth    ..........             (no amulet)
HPRegen  0.25/turn              (no ring)
MPRegen  0.09/turn              (no ring)

@: berserking, very quick
A: retaliatory headbutt, horns 2
a: Renounce Religion, Berserk, Trog's Hand, Brothers in Arms


You were in the Dungeon.
You worshipped Trog.
Trog was greatly pleased with you.
You visited 1 branch

Inventory:

Hand Weapons
 a - a +2 hand axe (weapon)
Armour
 b - a +3 chain mail (worn)
 c - a +0 kite shield (worn)
Scrolls
 j - a scroll of blinking
 l - 3 scrolls of remove curse
 m - a scroll of summoning
Potions
 d - a potion of might
 e - 6 potions of curing
 f - 5 potions of heal wounds
 g - a potion of haste
 h - 4 potions of magic
 i - 3 potions of berserk rage
 k - 2 potions of invisibility


   Skills:
 + Level 8.5 Fighting
 + Level 6.5 Axes
 + Level 8.6 Armour
 + Level 1.3 Dodging
 + Level 8.8 Shields


You had 5 spell levels left.
You didn't know any spells.
Your spell library was empty.

Dungeon Overview and Level Annotations

Branches:
Dungeon (1/1)

Altars:
Cheibriados
Dithmenos
Elyvilon
Fedhas
Gozag
Hepliaklqana
Makhleb
Nemelex Xobeh
Okawaru
Qazlal
Ru
Sif Muna
Trog
Vehumet
Wu Jian
Xom
Yredelemnul
Zin
The Shining One
Beogh
Jiyva
Lugonu


Innate Abilities, Weirdness & Mutations

You reflexively headbutt those who attack you in melee.
You have a pair of horns on your head.


Message History

You hit the snapping turtle.
The snapping turtle is moderately wounded.
You hit the snapping turtle.
The snapping turtle is heavily wounded.
You block the snapping turtle's attack.
You hit the snapping turtle.
The snapping turtle is heavily wounded.
The snapping turtle bites you!
* * * LOW HITPOINT WARNING * * *
You hit the snapping turtle.
The snapping turtle is heavily wounded.
You hit the snapping turtle but do no damage.
The snapping turtle is heavily wounded.
The snapping turtle bites you!!
* * * LOW HITPOINT WARNING * * *
You barely miss the snapping turtle.
Your headbutt misses the snapping turtle.
The snapping turtle is heavily wounded.
The snapping turtle bites you!!
You die...

#.#........##.......#
#.#........##.......#
#'###########.......#
#.......# #########
#.[#.#..# #.##.##.#
#.††....#+#
#.##.##.#t+
#..#.#..#@#
#.......'.#
###########


You could see a snapping turtle.

Vanquished Creatures
  An ice beast (D)
  A black bear (D)
  An iron imp (D)
  Jessica (D)
  A mummy (D)
  An adder (D)
  2 oozes (D)
  A leopard gecko (D)
  An orc (D)
  2 ball pythons (D)
  2 hobgoblins (D)
  A quokka (D)
  A bat (D)
16 creatures vanquished.

Notes
Turn   | Place    | Note
-------+----------+-------------------------------------------
     0 | D        | mhtbhm the Minotaur Fighter began the quest for the Orb.
     0 | D        | Reached XP level 1. HP: 19/19 MP: 0/0
    21 | D        | Found a bloodstained altar of Trog.
    21 | D        | Found a shimmering blue altar of Sif Muna.
    21 | D        | Found a viscous altar of Jiyva.
    21 | D        | Found a hazy altar of Hepliaklqana.
    21 | D        | Found an opulent altar of Gozag.
    22 | D        | Found a glowing golden altar of the Shining One.
    22 | D        | Found a glowing silver altar of Zin.
    22 | D        | Found a basalt altar of Yredelemnul.
    22 | D        | Found a shimmering altar of Xom.
    22 | D        | Found an ornate altar of the Wu Jian Council.
    22 | D        | Found a sacrificial altar of Ru.
    22 | D        | Found a stormy altar of Qazlal.
    22 | D        | Found an iron altar of Okawaru.
    22 | D        | Found a sparkling altar of Nemelex Xobeh.
    22 | D        | Found a burning altar of Makhleb.
    22 | D        | Found a blossoming altar of Fedhas.
    22 | D        | Found a white marble altar of Elyvilon.
    22 | D        | Found a shadowy altar of Dithmenos.
    22 | D        | Found a snail-covered altar of Cheibriados.
    24 | D        | Found a radiant altar of Vehumet.
    24 | D        | Found a corrupted altar of Lugonu.
    24 | D        | Found a roughly hewn altar of Beogh.
    26 | D        | Became a worshipper of Trog the Wrathful
    73 | D        | Reached * piety under Trog
    74 | D        | Reached XP level 2. HP: 28/28 MP: 1/1
    78 | D        | Reached skill level 5 in Armour
    78 | D        | Reached skill level 5 in Shields
   188 | D        | Reached ** piety under Trog
   189 | D        | Reached skill level 5 in Fighting
   201 | D        | Reached XP level 3. HP: 16/36 MP: 2/2
   395 | D        | Noticed Jessica
   395 | D        | Noticed a black bear
   397 | D        | Killed Jessica
   398 | D        | Reached XP level 4. HP: 44/44 MP: 3/3
   398 | D        | Reached *** piety under Trog
   403 | D        | Killed a black bear
   404 | D        | Reached skill level 5 in Axes
   404 | D        | Reached skill level 1 in Dodging
   404 | D        | Reached XP level 5. HP: 52/52 MP: 4/4
   405 | D        | Reached **** piety under Trog
   440 | D        | Noticed an ice beast
   446 | D        | Killed an ice beast
   447 | D        | Reached XP level 6. HP: 54/62 MP: 5/5
   485 | D        | Noticed a snapping turtle
   499 | D        | Mangled by a snapping turtle

Illustrated notes

Levels and vault maps discovered:
D:        pitsprint [storerooms_1, entrance_room_1, metal_vault_1, armoury_1,
          mini_pit_1, grid_room_1, main_hall_1, silver_pit, the_coven_1,
          the_vestibule_1, steel_vault_1, golden_pit, hallway_of_sentries,
          crystal_vault_1, iron_vault_2, final_vault]

Skill      XL: |  1  2  3  4  5 |
---------------+----------------+-----
Fighting       | 4 5 6 7 8 |  8.5
Armour         | 4 6 7 8 |  8.6
Shields        | 4 5 6 7 8 |  8.8
Axes           | 3 4 5 6 |  6.5
Dodging        | 1 |  1.3

Action                   |  1- 3 |  4- 6 || total
-------------------------+-------+-------++-------
Melee: Hand axe          |    24 |    24 ||    48
       War axe           |     3 |       ||     3
       Headbutt          |     7 |     4 ||    11
Invok: Berserk           |     1 |     1 ||     2
  Use: Potion            |       |     1 ||     1
Armor: Scale mail        |     6 |       ||     6
       Chain mail        |     1 |    10 ||    11
Dodge: Dodged            |    11 |       ||    11
Block: Kite shield       |    12 |     9 ||    21

Table legend: (Time is in decaauts)
 A = Elapsed time spent in this place.
 B = Non-inter-level travel time spent in this place.
 C = Inter-level travel time spent in this place.
 D = Time resting spent in this place.
 E = Time spent auto-exploring this place.
 F = Levels seen in this place.
 G = Mean time per level.
                   A        B        C        D        E       F      G
               +--------+--------+--------+--------+--------+-----+--------+
         Total |    515 |    515 |      0 |    230 |    102 |   1 |  515.0 |
       Dungeon |    515 |    515 |      0 |    230 |    102 |   1 |  515.0 |
               +--------+--------+--------+--------+--------+-----+--------+

Top non-repeatable levels by time:
       D: 515 daAuts
